Unix NetHack Version 5.0.0-0 post-release - last build May 23 2026 06:08:33 (1c0ff79ee797540d5714e4e18072db0edd9e58ae,branch:main).

Game began 2026-05-23 05:29:22, ended 2026-05-23 14:13:14.

FroskyArr, lawful female human Samurai

                   ----------------- -----------
                   ..|*............| |.".....@%|
   ---------     ---.|%|.{.[.--------|.-----.V.|
   |.......|   |.|.....|...|..[."....|.....|...|
 -------.----- |.---...|.-.|--------.---.---*|.
 |.%.| |.....| |....%..|...|       |.....|  .|
 |.|.-----.----|.---...|----       -----.|
 |.|....%..|...|.|.....|               |.|
 |.|------.|.|.|.|.---.                --
 |.|.......|.|.|.|.|
 |.|------.|.|.|.|.|
 |.|.....|.|.|...|.|
 |.-.....|.|.|----.|
 |.|.....|.|.|.....|
 |.|------...---.---
 |.|...|...|...|.|
 |.|.|.-------.|.|
 |...|...........|
 -----------------
FroskyArr the Kunoichi  St:18 Dx:18 Co:18 In:9 Wi:9 Ch:7  Lawful
Dlvl:11 $:0  HP:0(93) Pw:26(26) AC:0  Xp:9/5119 T:11982 

Latest messages:
 Your lamp is now off.
 Something is written here in the dust.
 You read: "Elbereth".
 You see no objects here.
 The vampire bat turns to flee.
 The gas spore turns to flee.
 The gas spore turns to flee.
 The gas spore turns to flee.
 The vampire bat turns to flee.
 The gas spore turns to flee.
 You hear crashing rock.
 The gas spore turns to flee.
 The quivering blob turns to flee.
 The gas spore turns to flee.
 The vampire bat turns to flee.
 You hear some noises in the distance.
 The vampire bat turns to flee.
 The vampire bat turns to flee.
 You hear some noises in the distance.
 The vampire bat turns to flee.
 The vampire bat turns to flee.
 You hear crashing rock.
 You stop searching.
 The vampire bat bites!
 The vampire bat misses!
 You hit the vampire bat!
 The vampire bat misses!
 The vampire bat bites!
 You hit the vampire bat!
 The vampire bat misses!
 The vampire bat misses!
 You kill the vampire bat!
 The seemingly dead vampire bat suddenly transforms and rises as a vampire lord!
 You hit the vampire lord!
 The vampire lord hits!
 The vampire lord bites!
 You hit the vampire lord.
 The vampire lord hits!
 The vampire lord bites!
 You avoid harm.
 You hit the vampire lord!
 The vampire lord hits!
 The vampire lord bites!
 You hit the vampire lord!
 The vampire lord hits!
 The vampire lord bites!
 Sayonara level 10.
 You die...
 Do you want your possessions identified? [ynq] (y)
 Do you want to see your attributes? [ynq] (y)

Inventory:
 Amulets  ('"')
  r - an uncursed amulet of reflection
 Weapons  (')')
  b - a burnt +0 elven arrow
  D - 4 +1 ya
  d - 2 +0 ya
  c - a +0 yumi
  w - a +0 katana (weapon in right hand)
  x - a +0 long sword
 Armor    ('[')
  I - an uncursed +0 elven leather helm (being worn)
  P - an uncursed +0 pair of iron shoes (being worn)
  O - an uncursed +0 shield of reflection (being worn)
  L - an uncursed very burnt +0 alchemy smock with text "Dor't me?s ?ith tre ?he?" (being worn)
  J - an uncursed burnt +0 elven cloak
  a - an uncursed +0 mummy wrapping
  q - an uncursed +0 mummy wrapping
  K - an uncursed +0 elven mithril-coat (being worn)
 Comestibles  ('%')
  t - 2 uncursed gunyoki
  n - an uncursed tin of szechuan ettin meat
  p - an uncursed lizard corpse
 Scrolls  ('?')
  m - an uncursed scroll of fire
 Rings    ('=')
  G - an uncursed +3 ring of increase damage
 Wands    ('/')
  z - a wand of sleep (0:5)
 Tools    ('(')
  h - an uncursed bag of holding containing 10 items
  g - an uncursed leash
  j - an uncursed leash
  s - an uncursed oil lamp
  e - a +0 pick-axe
  l - an uncursed skeleton key
  V - an uncursed towel
  u - a +0 unicorn horn
 Gems/Stones  ('*')
  o - an uncursed emerald
  A - an uncursed worthless piece of violet glass

Contents of the bag of holding:
  258 gold pieces
  an uncursed scroll of teleportation
  a cursed scroll of teleportation
  a blessed spellbook of invisibility
  an uncursed spellbook of magic missile
  a blessed potion of confusion
  an uncursed potion of object detection
  an uncursed blindfold
  an uncursed worthless piece of green glass
  an uncursed worthless piece of white glass

FroskyArr the Samurai's attributes:

Background:
 You were a Kunoichi, a level 9 female human Samurai.
 You were lawful, nominally on a mission for Amaterasu Omikami
 who was opposed by Raijin (neutral) and Susanowo (chaotic).
 You were right-handed.
 You were in the Gnomish Mines, on level 11.
 You entered the dungeon 11982 turns ago.
 You had 5119 experience points, 1 more was needed to attain level 10.

Basics:
 You had 0 out of 93 hit points.
 You had all 26 energy points (spell power).
 Your armor class was 0.
 Your wallet was empty, but
 you had 258 zorkmids stashed away in your pack.
 Autopickup was on for '$!/="+?*%' plus thrown, with exceptions.

Final Characteristics:
 Your strength was 18 (limit:18/100).
 Your dexterity was 18 (limit:18).
 Your constitution was 18 (limit:18).
 Your intelligence was 9 (limit:18).
 Your wisdom was 9 (limit:18).
 Your charisma was 7 (limit:18).

Final Status:
 You weren't hungry.
 You were unencumbered.
 You were wielding a long sword.
 You were skilled in long sword and could have enhanced that.

Final Attributes:
 You were piously aligned.
 You were poison resistant.
 You were acid resistant.
 Your items were protected from acid.
 You were guarded.
 You were fast.
 You had reflection.
 You are dead.

Miscellaneous:
 You disabled loading and storing of bones levels.
 Total elapsed playing time was 2 hours, 47 minutes and 36 seconds.

Major events:
 Turn
    1: FroskyArr the lawful female human Samurai entered the dungeon
  403: entered the Gnomish Mines
  515: attained the rank of Ronin (level 3)
 1225: reached Mine Town
 1522: attained the rank of Kunoichi (level 6)
 6669: entered Sokoban
 7369: completed 1st Sokoban level
 7996: completed 2nd Sokoban level
 8495: completed 3rd Sokoban level
 9905: completed 4th Sokoban level
10097: acquired the Sokoban amulet of reflection
10378: attained the rank of Joshu (level 10)
10825: entered the Bigroom
11982: killed by a vampire lord

You didn't know any spells.

Skills:
 Fighting Skills
   martial arts      [Basic]
   two weapon combat [Basic]
   riding            [Unskilled]
 Weapon Skills
   dagger            [Unskilled]
   knife             [Unskilled]
   short sword       [Basic]
   broadsword        [Unskilled]
   long sword        [Skilled]
   two-handed sword  [Unskilled]
   saber             [Unskilled]
   flail             [Unskilled]
   quarterstaff      [Unskilled]
   polearms          [Unskilled]
   spear             [Unskilled]
   lance             [Unskilled]
   bow               [Basic]
   shuriken          [Unskilled]
 Spellcasting Skills
   attack spells     [Unskilled]
   divination spells [Unskilled]
   clerical spells   [Unskilled]

Voluntary challenges:
 Character rerolling was not enabled.
 You followed a strict vegan diet.
 You were an atheist.
 You never genocided any monsters.
 You never polymorphed an object.
 You never changed form.
 You used no wishes.
 You did not violate any of the special Sokoban rules.
Achievements:
 You entered the Gnomish Mines.
 You attained the rank of Ronin.
 You entered Minetown.
 You entered a temple.
 You entered a shop.
 You attained the rank of Kunoichi.
 You entered Sokoban.
 You completed Sokoban.
 You attained the rank of Joshu.
 You entered the Big Room.

 The Dungeons of Doom: levels 1 to 10
    Level 1:
    Level 2:
    Level 3:
       Stairs down to The Gnomish Mines.
    Level 4:
       A general store.
    Level 5:
       A fountain, a sink.
    Level 6:
       A fountain, a sink.
    Level 7:
       Many fountains.
       Oracle of Delphi.
    Level 8:
       An altar, some fountains.
       Stairs up to Sokoban, level 7.
    Level 9:
       Some fountains.
    Level 10:
       A very big room.
 The Gnomish Mines: levels 4 to 11
    Level 4:
    Level 5:
    Level 6:
    Level 7:
       Many shops, a temple and an altar, many fountains.
    Level 8:
    Level 9:
    Level 11: <- You were here.
       A fountain.
       Final resting place for
          you, killed by a vampire lord.
 Sokoban: levels 7 up to 4
    Level 4:
       Solved.
    Level 5:
       Solved.
    Level 6:
       Solved.
    Level 7:
       Solved.


Vanquished creatures:
  2 giant mimics
  a stalker
 an earth elemental
  7 wargs
  2 xans
 an ettin mummy
 an ogre leader
  a quantum mechanic
  a gelatinous cube
  2 large dogs
  2 flaming spheres
  a shocking sphere
  3 gargoyles
  a leocrotta
  a mountain centaur
 an elf mummy
  a cobra
  a leather golem
  a soldier
  a crocodile
  a giant beetle
  a cockatrice
  2 gremlins
  a spotted jelly
  4 leprechauns
 an orc-captain
  2 iron piercers
  2 scorpions
  a horse
 an ice vortex
  3 black lights
  a vampire bat
  a gnome ruler
  3 orc mummies
  2 dwarf mummies
 an ogre
  2 brown puddings
  2 owlbears
  a yeti
  a gold golem
  a werewolf
  2 Green-elves
  4 lizards
  2 dogs
  2 jaguars
  a dwarf leader
  a blue jelly
  a gray unicorn
  a dust vortex
  3 gnome mummies
  3 snakes
  4 apes
  2 rope golems
  a Woodland-elf
 an imp
  a wood nymph
  3 mountain nymphs
 11 Mordor orcs
  3 rock piercers
  4 rock moles
  a pony
  a fog cloud
  2 yellow lights
  a shrieker
 11 gnome leaders
  3 gnomish wizards
  4 kobold mummies
  a black naga hatchling
  4 gray oozes
  2 elf zombies
  a straw golem
 12 giant ants
  2 little dogs
  4 floating eyes
  6 dwarves
  4 homunculi
  a kobold leader
  6 hill orcs
  7 rothes
  2 centipedes
  a giant bat
  a monkey
 an orc zombie
  6 iguanas
 10 killer bees
  2 acid blobs
  3 coyotes
  a gas spore
  2 hobbits
  7 giant rats
  2 cave spiders
  a green mold
  a red mold
 45 gnomes
 11 garter snakes
  2 gnome zombies
  3 geckos
  2 jackals
  3 foxes
  a goblin
  5 sewer rats
  a grid bug
  3 bats
  6 lichens
  4 kobold zombies
  5 newts
320 creatures vanquished.

No species were genocided or became extinct.

Game over:
                       ----------
                      /          \
                     /    REST    \
                    /      IN      \
                   /     PEACE      \
                  /                  \
                  |    FroskyArr     |
                  |      258 Au      |
                  |   killed by a    |
                  |   vampire lord   |
                  |                  |
                  |                  |
                  |       2026       |
                 *|     *  *  *      | *
        _________)/\\_//(\/(/\)/\//\/|_)_______

Sayonara FroskyArr the Samurai...

You died in The Gnomish Mines on dungeon level 11 with 25479 points,
and 258 pieces of gold, after 11982 moves.
You were level 9 with a maximum of 93 hit points when you died.

